 Dungeon Crawl Stone Soup version 0.28.0-43-g3370ac3207 (webtiles) character file.

Game seed: 2533704101370336587

63 pkoi the Chopper (level 4, -3/41 HPs)
             Began as a Hill Orc Monk on Mar 22, 2022.
             Slain by a bullfrog (4 damage)
             ... on level 3 of the Dungeon.
             The game lasted 00:02:04 (3151 turns).

pkoi the Chopper (Hill Orc Monk)                    Turns: 3151, Time: 00:02:05

Health: -3/41      AC:  2    Str: 13    XL:     4   Next: 10%
Magic:  4/4        EV: 12    Int: 12    God:
Gold:   138        SH:  0    Dex: 13    Spells: 3/3 levels left

rFire   . . .      SeeInvis .   a - +0 hand axe
rCold   . . .      Faith    .   (no shield)
rNeg    . . .      Spirit   .   b - +0 robe
rPois   .          Reflect  .   (no helmet)
rElec   .          Harm     .   (no cloak)
rCorr   .          Rampage  .   (no gloves)
Will    .....                   (no boots)
Stlth   ++........              (no amulet)
HPRegen 0.13/turn               (no ring)
MPRegen 0.09/turn               (no ring)

@: hasted, very quick
A: no striking features
a: no special abilities


You were on level 3 of the Dungeon.
You visited 1 branch of the dungeon, and saw 3 of its levels.

You collected 138 gold pieces.

Inventory:

Hand Weapons
 a - a +0 hand axe (weapon)
Missiles
 d - 6 poisoned darts (quivered)
Armour
 b - a +0 robe (worn)
Scrolls
 c - a scroll of teleportation {unknown}
 e - a scroll of silence {unknown}
 f - a scroll of noise {unknown}
 i - 2 scrolls of identify {unknown}
 j - 3 scrolls of brand weapon {unknown}
 l - a scroll of fear {unknown}
Potions
 k - a potion of mutation {unknown}


   Skills:
 + Level 4.4 Fighting
 * Level 5.8 Axes
 - Level 2.4 Dodging
 - Level 1.5 Stealth


You had 3 spell levels left.
You didn't know any spells.
Your spell library was empty.

Dungeon Overview and Level Annotations

Branches:
Dungeon (3/15)

Altars:

Shops:
D:2 ?


Message History

The bullfrog is heavily wounded.
The bullfrog hits you.
* * * LOW HITPOINT WARNING * * *
You hit the bullfrog but do no damage.
The bullfrog is heavily wounded.
The bullfrog hits you!
* * * LOW HITPOINT WARNING * * *
You barely miss the bullfrog.
The bullfrog is heavily wounded.
The bullfrog hits you.
* * * LOW HITPOINT WARNING * * *
You barely miss the bullfrog.
The bullfrog is heavily wounded.
The bullfrog closely misses you.
You hit the bullfrog.
The bullfrog is heavily wounded.
The bullfrog completely misses you.
Unknown command.
You hit the bullfrog.
The bullfrog is severely wounded.
The bullfrog closely misses you.
Unknown command.
You barely miss the bullfrog.
The bullfrog is severely wounded.
The bullfrog hits you!
* * * LOW HITPOINT WARNING * * *
You closely miss the bullfrog.
The bullfrog is severely wounded.
The bullfrog hits you.
* * * LOW HITPOINT WARNING * * *
Unknown command.
You closely miss the bullfrog.
The bullfrog is severely wounded.
The bullfrog hits you.
* * * LOW HITPOINT WARNING * * *
Unknown command.
You hit the bullfrog.
The bullfrog is almost dead.
The bullfrog hits you.
You die...

....b ##..... #...
##...... #..
#..####† #.###
##..##... #...###
#...#.†.. #J....##
#...#....
#bo....###........
#F###..##....#####
#@# #...#....#
#..##...#....####.
#.................
##################


You could see a bullfrog, an orc, an endoplasm and a bat.

Vanquished Creatures
  A worm (D:3)
  2 dart slugs (D:1)
  An orc (D:3)
  6 endoplasms
  3 giant cockroaches
  4 goblins
  6 hobgoblins
  3 jackals (D:1)
  3 quokkas
  5 ball pythons
  6 bats
  2 frilled lizards
  2 kobolds (D:2)
  4 rats
48 creatures vanquished.

Notes
Turn   | Place    | Note
-------+----------+-------------------------------------------
     0 | D:1      | pkoi the Hill Orc Monk began the quest for the Orb.
     0 | D:1      | Reached XP level 1. HP: 19/19 MP: 1/1
   312 | D:1      | Reached XP level 2. HP: 22/27 MP: 2/2
  1150 | D:1      | Reached skill level 5 in Axes
  1171 | D:1      | Reached XP level 3. HP: 24/33 MP: 3/3
  1565 | D:2      | Found Vuhiox's Magic Scroll Shoppe.
  2557 | D:2      | Found a faded altar of an unknown god.
  2733 | D:3      | Reached XP level 4. HP: 29/41 MP: 4/4
  3126 | D:3      | Noticed a bullfrog
  3150 | D:3      | HP: 1/41 [bullfrog (4)]
  3151 | D:3      | Slain by a bullfrog

Illustrated notes

Levels and vault maps discovered:
D:1:      saegor_arrival_simple_e, layout_loops_corners, moated_statue
D:2:      layout_loops_cross, serial_shops, nicolae_shop_trees,
          shapermc_ecumenical_altar_ellora, kennysheep_doodads
D:3:      minmay_recursive_quarters, layout_basic, grunt_decor_arrowhead

Skill      XL: |  1  2 |
---------------+-------+-----
Fighting       | 4 |  4.4
Axes           | 5 |  5.8
Dodging        | |  2.4
Stealth        | |  1.5

Action                   |  1- 3 |  4- 6 || total
-------------------------+-------+-------++-------
Melee: Hand axe          |   132 |    34 ||   166
       Punch             |     4 |       ||     4
  Use: Potion            |       |     2 ||     2
 Stab: Sleeping          |     5 |       ||     5
Armor: Robe              |     8 |    11 ||    19
Dodge: Dodged            |    73 |    28 ||   101
